 Dungeon Crawl Stone Soup version 0.31.0-32-g396128a36d (webtiles) character file.

Game seed: 3486479144965175239

564 Zeor the Magician (level 7, -1/46 HPs)
             Began as a Djinni Fire Elementalist on Apr 10, 2024.
             Slain by a gnoll
             ... wielding a +0 flail
              (5 damage)
             ... on level 3 of the Dungeon.
             The game lasted 00:14:45 (2899 turns).

Zeor the Magician (Djinni Fire Elementalist)        Turns: 2899, Time: 00:14:47

Health: -1/46      AC:  6    Str:  7    XL:     7   Next: 58%
Gold:   189        EV: 12    Int: 19    God:
                   SH:  0    Dex: 13

rFire   + + .        a - +2 quarterstaff (chaos)
rCold   x . .        (shield currently unavailable)
rNeg    . . .        d - +0 leather armour
rPois   ∞            (no helmet)
rElec   .            c - +2 cloak {rCorr}
rCorr   +            (no gloves)
SInv    .            (boots unavailable)
Will    .....        (no amulet)
Stlth   ++           f - ring of resist corrosion
HPRegen 0.27/turn    (no ring)
MPRegen 0.00/turn

%: infuse magic (-2 HP)
@: flying, very slightly contaminated
A: sickness immunity, fire resistance 2, cold vulnerability 1, float, innate
caster, HP casting, extra vitality 1
a: no special abilities


You were on level 3 of the Dungeon.
You visited 1 branch of the dungeon, and saw 3 of its levels.

You collected 287 gold pieces.
You spent 98 gold pieces at shops.

Inventory:

Hand Weapons
 a - a +2 quarterstaff of chaos (weapon)
 b - a +1 dagger
 h - a +2 heavy hammer
 j - a +2 whip of holy wrath
Missiles
 k - 13 poisoned darts
Armour
 c - a +2 cloak of preservation (worn)
 d - a +0 leather armour (worn)
 p - a +2 ring mail of poison resistance
Jewellery
 f - a ring of resist corrosion (left hand)
 i - a ring of ice
Wands
 o - a wand of polymorph (15)
Scrolls
 l - 3 scrolls of teleportation
Potions
 e - 4 potions of curing
 g - a potion of brilliance
 m - a potion of attraction
 n - a potion of lignification
 q - a potion of ambrosia


   Skills:
 + Level 0.4 Fighting
 * Level 3.4 Staves
 + Level 1.6 Armour
 + Level 3.1 Dodging
 + Level 2.3 Stealth
 * Level 5.1 Spellcasting
 * Level 5.1 Conjurations
 * Level 5.1 Hexes
 * Level 5.1 Summonings
 * Level 5.1 Necromancy
 * Level 5.1 Translocations
 * Level 5.1 Fire Magic
 * Level 5.1 Ice Magic
 * Level 5.1 Air Magic
 * Level 5.1 Earth Magic
 * Level 5.1 Alchemy


You knew the following spells:

 Your Spells              Type           Power      Damage    Failure   Level
f - Foxfire               Conj/Fire      96%        2x1d8     2%          1
i - Inner Flame           Hex/Fire       24%        N/A       7%          3
j - Jinxbite              Hex            48%        N/A       3%          2
s - Scorch                Fire           48%        2d7       3%          2
v - Volatile Blastmotes   Fire/Tloc      48%        2d14      7%          3
w - Flame Wave            Conj/Fire      24%        2d8       22%         4
F - Swiftness             Air            24%        N/A       7%          3
S - Sting                 Conj/Alch      96%        1d9       2%          1
Your spell library was empty.

Dungeon Overview and Level Annotations

Branches:
Dungeon (3/15)

Altars:

Shops:
D:1 =   D:3 **?(


Innate Abilities, Weirdness & Mutations

You are immune to sickness and miasma.
You are immune to poison.
Your flesh is very heat resistant. (rF++)
You are vulnerable to cold. (rC-)
You float through the air rather than walking.
You learn spells naturally, not from books.
Your magical power is your life essence.
You have superior vitality. (+4 MHP)


Message History

The gnoll is moderately wounded.
The gnoll hits you with a +0 flail.
You sock the gnoll!
The acid corrodes the gnoll!
The gnoll is severely wounded.
The gnoll is no longer more vulnerable to fire.
A jackal comes into view.
The gnoll barely misses you.
You completely miss the gnoll.
The gnoll is severely wounded.
The gnoll barely misses you. The gnoll misses you.
You barely miss the gnoll.
The gnoll is severely wounded.
The gnoll barely misses you.
You barely miss the gnoll.
The gnoll is severely wounded.
The gnoll misses you.
You completely miss the gnoll.
The gnoll is severely wounded.
The gnoll hits you with a +0 flail.
You hit the gnoll.
The gnoll is almost dead.
The gnoll hits you with a +0 flail!
Casting: Scorch (safe; 3% risk of failure)
Confirm with . or Enter, or press ? or * to list all spells.
Casting: Flame Wave (quite dangerous; 22% risk of failure)
Press: ? - help, Dir - look around, f - activate You miscast Flame Wave.
You are very lightly contaminated with residual magic.
There is a sudden and violent explosion of flames.
You resist. The gnoll hits you with a +0 flail!
* * * LOW HITPOINT WARNING * * *
The gnoll closely misses you.
Casting: Flame Wave (quite dangerous; 22% risk of failure)
Confirm with . or Enter, or press ? or * to list all spells.
Flames lash the jackal.
The jackal is heavily wounded.
The jackal's fire resistance burns away.
* * * LOW HITPOINT WARNING * * *
The gnoll hits you with a +0 flail.
You die... ∙▒ ∙∙ ∙▒▒∙∙∙∙)∙∙∙∙∙▒ ∙▒ ▒▒ ∙∙∙▒▒▒▒∙∙▒▒▒▒▒▒▒▒▒▒ ∙∙∙∙∙∙∙∙∙∙∙∙∙∙∙∙))∙ ~~~~~~∙∙∙∙~~~~~≈~~≈ ≈≈≈~≈~∙∙∙∙~~≈≈≈≈≈≈≈ ▒▒ ~~~~~~∙∙∙∙~~)~~~~)) ▒∙∙ ∙∙∙∙∙∙∙∙∙∙∙∙∙∙∙∙∙∙∙

∙∙∙▒▒▒▒▒▒▒▒▒▒▒▒▒''''▒▒▒▒▒▒▒▒▒
▒'▒∙∙∙∙')hgR∙∙▒∙∙∙∙▒∙∙∙∙∙∙∙∙
▒∙∙∙∙∙∙▒∙▒#∙##▒∙∙∙∙▒∙▒▒)▒∙∙∙
▒▒▒∙∙∙∙▒∙#∙∙∙∙▒∙∙∙∙▒∙∙∙∙▒∙∙^
▒∙▒▒''▒▒▒▒▒▒▒▒▒∙∙∙∙▒▒▒▒▒▒▒''
▒∙∙∙∙∙∙)∙)))∙∙▒∙∙∙∙▒))∙∙∙∙∙∙
▒∙∙∙∙∙∙∙∙∙▒8=∙'∙∙∙∙')∙∙∙∞∙∙∙
▒∙▒▒''▒▒∙∙▒8∙∙'∙∙∙∙')∙∙∙∙∙∙∙
▒▒▒∙∙∙∙▒∙∙∙)∙∙▒8∙∙8▒∙∙∙∙∙∙∙∙
∙∙∙∙∙∙▒▒▒▒▒▒▒▒▒▒▒▒▒▒▒▒▒▒▒▒▒


You could see a gnoll (corroded) and a jackal (combustible).

Vanquished Creatures
  A kobold brigand (D:3)
  A howler monkey (D:3)
  A gnoll bouda (D:3)
  A hound (D:3)
  Crazy Yiuf (D:2)
  Jessica (D:2)
  Terence (D:3)
  2 orc wizards (D:3)
  16 gnolls (D:3)
  An adder (D:3)
  2 dart slugs (D:3)
  A ribbon worm (D:2)
  10 orcs (D:3)
  6 bats
  8 endoplasms
  3 giant cockroaches (D:1)
  8 goblins
  6 hobgoblins
  11 jackals
  A quokka (D:3)
  5 ball pythons
  6 frilled lizards
  4 kobolds
  5 rats
102 creatures vanquished.

Vanquished Creatures (others)
  132 foxfires
132 creatures vanquished.

Grand Total: 234 creatures vanquished

Notes
Turn   | Place    | Note
-------+----------+-------------------------------------------
     0 | D:1      | Zeor the Djinni Fire Elementalist began the quest for the
                  | Orb.
     0 | D:1      | Zeor set off with the following spells memorised: Foxfire,
                  | Scorch, Volatile Blastmotes, Inner Flame, Flame Wave.
     0 | D:1      | Reached XP level 1. HP: 15/15 MP: 0/0
    30 | D:1      | Found Zajyth's Jewellery Shop.
   153 | D:1      | Reached XP level 2. HP: 20/21 MP: 0/0
   596 | D:1      | Reached XP level 3. HP: 21/25 MP: 0/0
   596 | D:1      | Learned a level 1 spell: Sting
  1299 | D:2      | Found a runed translucent door.
  1300 | D:2      | Noticed Crazy Yiuf
  1307 | D:2      | Killed Crazy Yiuf
  1308 | D:2      | Reached XP level 4. HP: 9/31 MP: 0/0
  1467 | D:2      | Noticed Jessica
  1473 | D:2      | Killed Jessica
  1474 | D:2      | Reached skill level 1 in Armour
  1474 | D:2      | Reached XP level 5. HP: 27/35 MP: 0/0
  1474 | D:2      | Learned a level 2 spell: Jinxbite
  1603 | D:3      | Found Beruwyn's Antique Weapon Boutique.
  1604 | D:3      | Noticed Terence
  1612 | D:3      | Killed Terence
  1613 | D:3      | Reached skill level 1 in Staves
  1677 | D:3      | Found Paochit's Magic Scroll Boutique.
  1688 | D:3      | Bought a scroll of identify for 28 gold pieces
  1688 | D:3      | Bought a scroll of identify for 28 gold pieces
  1688 | D:3      | Bought a scroll of teleportation for 42 gold pieces
  1741 | D:3      | Found Yffetenaes's General Store.
  1743 | D:3      | Found Xinocsei's General Store.
  2300 | D:3      | Noticed a kobold brigand
  2311 | D:3      | Reached XP level 6. HP: 24/40 MP: 0/0
  2519 | D:3      | Reached XP level 7. HP: 37/45 MP: 0/0
  2519 | D:3      | Learned a level 3 spell: Swiftness
  2714 | D:3      | Reached skill level 5 in Spellcasting
  2714 | D:3      | Reached skill level 5 in Conjurations
  2714 | D:3      | Reached skill level 5 in Hexes
  2714 | D:3      | Reached skill level 5 in Summonings
  2714 | D:3      | Reached skill level 5 in Necromancy
  2714 | D:3      | Reached skill level 5 in Translocations
  2714 | D:3      | Reached skill level 5 in Fire Magic
  2714 | D:3      | Reached skill level 5 in Ice Magic
  2714 | D:3      | Reached skill level 5 in Air Magic
  2714 | D:3      | Reached skill level 5 in Earth Magic
  2714 | D:3      | Reached skill level 5 in Alchemy
  2899 | D:3      | Slain by a gnoll

Illustrated notes

Levels and vault maps discovered:
D:1:      minmay_arrival_glassed_features, layout_loops_corners, serial_shops,
          shop
D:2:      layout_basic, uniq_crazy_yiuf_cottage, uniq_jessica
D:3:      lemuel_castle_with_subvaults [lemuel_castle_interior_carwin_2],
          layout_basic, serial_shops, shop, shop_fountains, shop,
          nicolae_shop_scrapyard, shop, eino_tiny_chamber, uniq_terence

Skill      XL: |  1  2  3  4  5  6  7 |
---------------+----------------------+-----
Stealth        | 2 |  2.3
Dodging        | 3 |  3.1
Armour         | 1 |  1.6
Staves         | 1 2 3 |  3.4
Spellcasting   | 4 5 |  5.1
Conjurations   | 4 5 |  5.1
Hexes          | 4 5 |  5.1
Summonings     | 4 5 |  5.1
Necromancy     | 4 5 |  5.1
Translocations | 4 5 |  5.1
Fire Magic     | 4 5 |  5.1
Ice Magic      | 4 5 |  5.1
Air Magic      | 4 5 |  5.1
Earth Magic    | 4 5 |  5.1
Alchemy        | 4 5 |  5.1
Fighting       | |  0.4

Action                     |  1- 3 |  4- 6 |  7- 9 || total
---------------------------+-------+-------+-------++-------
  Melee: Dagger            |     2 |       |       ||     2
         Quarterstaff      |       |    10 |    19 ||    29
   Cast: Foxfire           |    39 |    33 |    13 ||    85
         Scorch            |    13 |    26 |    17 ||    56
         Sting             |     3 |       |       ||     3
         Inner Flame       |       |     2 |     2 ||     4
         Flame Wave        |       |     2 |     1 ||     3
         Jinxbite          |       |     1 |       ||     1
    Use: Scroll            |     7 |     3 |       ||    10
 Armour: Robe              |     4 |       |       ||     4
         Leather armour    |     2 |    10 |    13 ||    25
  Dodge: Dodged            |     7 |    15 |    16 ||    38
